 Seeded DCSS version 0.29-a0-284-gf9362112df (webtiles) character file.

Game seed: 16843268196263206613 (custom seed)

35 gzilladon the Chopper (level 3, -6/33 HPs)
             Began as a Hill Orc Monk on Mar 31, 2022.
             Mangled by a gnoll
             ... wielding a +1 halberd of venom
              (15 damage)
             ... on level 2 of the Dungeon.
             The game lasted 00:08:14 (1671 turns).

gzilladon the Chopper (Hill Orc Monk)               Turns: 1671, Time: 00:08:15

Health: -6/33      AC:  8    Str: 15    XL:     3   Next: 35%
Magic:  12/12      EV:  7    Int: 10    God:
Gold:   72         SH:  0    Dex: 13    Spells: 2/2 levels left

rFire   . . .      SeeInvis .   a - +0 hand axe
rCold   . . .      Faith    .   (no shield)
rNeg    . . .      Spirit   .   e - +0 chain mail
rPois   .          Reflect  .   (no helmet)
rElec   .          Harm     .   (no cloak)
rCorr   .          Rampage  .   (no gloves)
Will    .....                   (no boots)
Stlth   ..........              (no amulet)
HPRegen 0.11/turn               j - ring of magical power
MPRegen 0.13/turn               (no ring)

@: confused, lethally poisoned (-6 -> -19), ambrosia-drunk
A: no striking features
a: no special abilities


You were on level 2 of the Dungeon.
You visited 1 branch of the dungeon, and saw 2 of its levels.

You collected 72 gold pieces.

Inventory:

Hand Weapons
 a - a +0 hand axe (weapon)
Missiles
 h - 28 stones (quivered)
Armour
 b - a +0 robe
 e - a +0 chain mail (worn)
Magical Staves
 g - a staff of earth
Jewellery
 j - a ring of magical power (left hand)
Scrolls
 d - a scroll of noise {unknown}
 k - 2 scrolls of identify {unknown}
Potions
 f - a potion of lignification {unknown}
 i - a potion of resistance {unknown}
 l - a potion of curing {unknown}


   Skills:
 + Level 4.1 Fighting
 * Level 5.1 Axes
 + Level 0.4 Armour
 + Level 2.5 Dodging
 - Level 1.5 Stealth


You had 2 spell levels left.
You didn't know any spells.
Your spell library was empty.

Dungeon Overview and Level Annotations

Branches:
Dungeon (2/15)

Altars:


Message History

The gnoll hits you from afar with a +1 halberd of venom.
Cleave: a) +0 hand axe
Press: ? - help, Dir - move target, f - you
Okay, then.
You aren't carrying any items that you can evoke.
g - a staff of earth (weapon)
The gnoll closely misses you.
The golden eye pulsates ominously.
The gnoll hits you but does no damage.
You are poisoned.
You hit the gnoll.
The gnoll is moderately wounded.
You feel very sick.
The gnoll hits you with a +1 halberd of venom.
You are more poisoned.
Hit: g) staff of earth
Press: ? - help, Dir - move target, f - gnoll
Aim: a gnoll, wielding a +1 halberd of venom (lightly wounded, about 34% to evade your staff of earth)
You barely miss the gnoll.
The gnoll is lightly wounded.
You feel very sick.
The gnoll hits you with a +1 halberd of venom.
You are more poisoned.
You are confused.
You feel invigorated.
You feel very sick. The gnoll barely misses you.
a - a +0 hand axe (weapon)
* * * LOW HITPOINT WARNING * * *
You feel very sick. The gnoll closely misses you.
You closely miss the gnoll.
The gnoll is lightly wounded.
* * * LOW HITPOINT WARNING * * *
You feel very sick. The gnoll barely misses you.
* * * LOW HITPOINT WARNING * * *
You feel very sick.
The gnoll hits you from afar with a +1 halberd of venom!
You die...

#.###†..###...
#.# #.
#.#G#...#G#....
#.# #.
#.###...###....
..# #.
#..............
##....
#....._.......
#.##.
#.............
#. #.
#.###...###.##
....
#.#G#...#G#.#
.##
#.###.@.###.#
..
#...........#
####.
######.g.####
....
#...####..#
###.......#
#######.....
###


You could see a shining eye, 2 eyes of devastation, a gnoll and a golden eye.

Vanquished Creatures
  A dart slug (D:2)
  6 endoplasms (D:1)
  3 giant cockroaches
  3 goblins
  4 hobgoblins
  2 ball pythons (D:1)
  2 bats (D:1)
  A frilled lizard (D:1)
  5 kobolds
  3 rats
30 creatures vanquished.

Notes
Turn   | Place    | Note
-------+----------+-------------------------------------------
     0 | D:1      | gzilladon the Hill Orc Monk began the quest for the Orb.
     0 | D:1      | Reached XP level 1. HP: 19/19 MP: 1/1
   209 | D:1      | Reached XP level 2. HP: 26/27 MP: 2/2
  1005 | D:1      | Reached XP level 3. HP: 33/33 MP: 3/3
  1573 | D:2      | Reached skill level 5 in Axes
  1597 | D:2      | Noticed a golden eye
  1599 | D:2      | Found a faded altar of an unknown god.
  1606 | D:2      | Noticed an eye of devastation
  1611 | D:2      | Noticed a shining eye
  1611 | D:2      | Noticed an eye of devastation
  1671 | D:2      | Mangled by a gnoll

Illustrated notes

Levels and vault maps discovered:
D:1:      heliophobic_arrival_henge, layout_basic, hex_intersection
D:2:      layout_loops_cross, hellmonk_ecumenical_altar_watching_god,
          chequers_serial_rivers_small_b, st_stairs_4, kennysheep_pointless_box

Skill      XL: |  1  2  3 |
---------------+----------+-----
Fighting       | 4 |  4.1
Axes           | 5 |  5.1
Armour         | |  0.4
Dodging        | |  2.5
Stealth        | |  1.5

Action                   || total
-------------------------++-------
Melee: Hand axe          ||    73
       Staff             ||     2
  Use: Potion            ||     1
Armor: Chain mail        ||    43
       Robe              ||     2
Dodge: Dodged            ||    32

Table legend: (Time is in decaauts)
 A = Elapsed time spent in this place.
 B = Non-inter-level travel time spent in this place.
 C = Inter-level travel time spent in this place.
 D = Time resting spent in this place.
 E = Time spent auto-exploring this place.
 F = Levels seen in this place.
 G = Mean time per level.
                   A        B        C        D        E       F      G
               +--------+--------+--------+--------+--------+-----+--------+
         Total |   1674 |   1524 |    150 |     82 |      0 |   2 |  837.0 |
       Dungeon |   1674 |   1524 |    150 |     82 |      0 |   2 |  837.0 |
               +--------+--------+--------+--------+--------+-----+--------+

Top non-repeatable levels by time:
     D:1: 1411 daAuts
     D:2: 263 daAuts
